 Dungeon Crawl Stone Soup version 0.22-a0-160-gcc81d7a (webtiles) character file.

589036 kuniqs the Slayer (level 25, -18/267 HPs)
             Began as a Deep Dwarf Fighter on Feb 10, 2018.
             Was the Champion of Makhleb.
             Demolished by Ywoicwy the pandemonium lord (21 damage)
             ... on level 9 of a ziggurat on Feb 11, 2018.
             The game lasted 02:23:07 (45315 turns).

kuniqs the Slayer (Deep Dwarf Fighter)             Turns: 45315, Time: 02:23:08

Health: -18/267    AC: 37    Str: 21    XL:     25   Next: 61%
Magic:  20/20      EV: 27    Int: 18    God:    Makhleb [******]
Gold:   5513       SH: 31    Dex: 26    Spells: 24/24 levels left

rFire    + . .     SeeInvis .   Q - +9 broad axe (flame)
rCold    . . .     Gourm    .   c - +1 large shield {rF+}
rNeg     + . .     Faith    .   g - +8 plate armour {ponderous}
rPois    .         Spirit   .   Y - +1 helmet {Int+3}
rElec    +         Reflect  +   H - +0 cloak
rCorr    .         Harm     .   i - +0 pair of gloves
MR       +++..                  z - +2 pair of boots
Stlth    ..........             a - amulet "Doynucli" {Reflect Dex+3 SH+6}
HPRegen  0.00/turn              W - +3 ring of slaying
MPRegen  0.17/turn              o - ring "Lehaast" {rElec Int+3 Slay+4}

@: agile, lethally poisoned (-18 -> -115), sap magic, non-regenerating, hasted,
very quick
A: damage resistance, heal wounds, negative energy resistance 1, sense
surroundings 3, screaming 1, weak 1, no regeneration
}: 4/15 runes: serpentine, barnacled, slimy, silver
a: Heal Wounds, Minor Destruction, Lesser Servant of Makhleb, Major Destruction,
Greater Servant of Makhleb, Renounce Religion


You were on level 9 of a ziggurat.
You worshipped Makhleb.
Makhleb was exalted by your worship.
You were very full.

You visited 10 branches of the dungeon, and saw 48 of its levels.
You visited the Abyss 1 time.
You visited 1 ziggurat, and saw 9 of its levels.
You also visited: Trove, Sewer, Ossuary and Ice Cave.

You collected 9015 gold pieces.
You spent 3502 gold pieces at shops.

Inventory:

Hand Weapons
 Q - a +9 broad axe of flaming (weapon)
Missiles
 X - 9 throwing nets (quivered)
Armour
 c - a +1 large shield of fire resistance (worn)
 g - a +8 plate armour of ponderousness (worn)
 i - a +0 pair of gloves (worn)
 z - a +2 pair of boots (worn)
 H - a +0 cloak (worn)
 Y - a +1 helmet of intelligence (worn)
Jewellery
 a - the amulet "Doynucli" (around neck) {Reflect Dex+3 SH+6}
   (You found it in a treasure trove)

   [amulet of reflection]

   It shields you and reflects attacks.
   It affects your dexterity (+3).
   It affects your SH (+6).
 o - the ring "Lehaast" (right hand) {rElec Int+3 Slay+4}
   (You bought it in a shop on level 2 of the Snake Pit)

   [ring of slaying]

   It affects your intelligence (+3).
   It affects your accuracy and damage with ranged weapons and melee attacks
   (+4).
   It insulates you from electricity.
 s - an uncursed ring of protection from fire
 G - the ring "Mexkivvi" {Wiz rPois rN+ Dex+2}
   (You found it on level 3 of the Shoals)

   [ring of wizardry]

   It improves your spell success rate.
   It affects your dexterity (+2).
   It protects you from poison.
   It protects you from negative energy.
 U - the ring "Amnamnip" {rCorr rPois rC+ Str+3 Int+2}
   (You found it on level 4 of the Vaults)

   [ring of resist corrosion]

   It affects your strength (+3).
   It affects your intelligence (+2).
   It protects you from cold.
   It protects you from poison.
 W - a +3 ring of slaying (left hand)
Wands
 B - a wand of clouds (1)
 C - a wand of paralysis (1)
 D - a wand of iceblast (40)
 I - a wand of enslavement (46)
 M - a wand of digging (7)
 N - a wand of acid (22)
 O - a wand of flame (49)
 P - a wand of disintegration (13)
 V - a wand of polymorph (25)
Scrolls
 h - 14 scrolls of identify {@r1}
 j - 24 scrolls of teleportation
 m - 4 scrolls of holy word
 p - 4 scrolls of immolation
 t - 26 scrolls of remove curse {@r2}
 u - 9 scrolls of fog
 v - 8 scrolls of fear
 w - 6 scrolls of blinking
 y - 6 scrolls of magic mapping
 E - 3 scrolls of silence
 F - a scroll of enchant weapon
 K - 8 scrolls of enchant armour
 S - 2 scrolls of summoning
Potions
 b - 4 potions of berserk rage
 d - 4 potions of might
 k - 5 potions of mutation
 l - 4 potions of ambrosia
 n - 6 potions of cancellation
 q - 19 potions of curing {@q1}
 r - 7 potions of agility
 x - 18 potions of heal wounds
 A - 6 potions of invisibility
 J - 11 potions of haste
 L - 2 potions of resistance
Miscellaneous
 e - a lightning rod (4/4)
 R - a fan of gales
 T - a lamp of fire
 Z - 4 boxes of beasts
Comestibles
 f - 74 rations


   Skills:
 + Level 23.9 Fighting
 - Level 18.0 Axes
 - Level 20.4 Armour
 - Level 20.2 Dodging
 - Level 20.0 Shields
 - Level 6.0 Invocations
 - Level 10.0 Evocations


You had 24 spell levels left.
You didn't know any spells.

Dungeon Overview and Level Annotations

Branches:
Dungeon (15/15)            Temple (1/1) D:4            Lair (6/6) D:11
 Shoals (4/4) Lair:4        Snake (4/4) Lair:4        Slime (5/5) Lair:5
    Orc (2/2) D:12            Elf (3/3) Orc:2        Vaults (5/5) D:13
  Crypt (0/3) Vaults:3     Depths (3/5) D:15

Altars:
Ashenzari
Cheibriados
Dithmenos
Elyvilon
Fedhas
Gozag
Hepliaklqana
Kikubaaqudgha
Makhleb
Nemelex Xobeh
Okawaru
Qazlal
Ru
Sif Muna
Trog
Uskayaw
Vehumet
Wu Jian
Xom
Yredelemnul
Zin
The Shining One
Beogh
Jiyva

Shops:
D:4 :*   D:5 *   D:7 !   D:8 !   D:10 =(:*}   Orc:2 ??%=   Elf:1 =   Shoals:3 *
Snake:1 !   Snake:2 }==   Vaults:4 =:(   Depths:2 }!*!

Portals:
Hell: Depths:1 Depths:2
Pandemonium: Depths:2

Annotations:
D:14 exclusion: upstairs
Snake:2 exclusion: Roxanne, Roxanne
Elf:3 1 exclusion


Innate Abilities, Weirdness & Mutations

You are resistant to damage.
You can heal yourself by infusing magical energy.
You resist negative energy. (rN+)
You passively map a large area around you.
You do not regenerate.
You occasionally shout uncontrollably at your foes.
You are weak. (Str -2)


Message History

You hit the monstrous warmonger but do no damage.
You slash the eldritch tentacle!
Your shield and plate armour prevent you from hitting Ywoicwy.
You hit the hell beast. You burn the hell beast.
* * * LOW HITPOINT WARNING * * *
You feel very sick.
The torturous warmonger hits you from afar with a demon trident of venom!!
* * * LOW HITPOINT WARNING * * *
You are more poisoned.
You block the eldritch tentacle's attack. x2
The Hell Sentinel closely misses you. The Hell Sentinel barely misses you.
The reaper barely misses you.
You hit the Hell Sentinel. You hit the hell beast. You burn the hell beast.
You slice the cacodemon!! You burn the cacodemon! You hit Ywoicwy.
You slice the eldritch tentacle!! You hit the monstrous warmonger.
You burn the monstrous warmonger.
* * * LOW HITPOINT WARNING * * *
You feel very sick.
You block the hell beast's attack. x2; Ywoicwy hits you!!
You die...

▓▓▓ ▓▓▓▓▓.▓▓▓▓▓
▓▓▓.........▓▓▓
▓▓.............▓▓
▓▓..........22...▓▓
▓▓..........&@1....▓
▓...........w6).....▓
▓...........6\2../??▓
▓▓........#≈#..│.%|∩?▓*
▓..∩......§#≈..│.?=>??
▓▓........#§#...*=(∩:▓
▓.........§§.....?$?▓
▓...................▓
▓▓.................▓*


You could see Ywoicwy, a Hell Sentinel, an eldritch tentacle, a cacodemon, 2
demonspawn, a hell beast and a reaper.

Vanquished Creatures
  the Royal Jelly (Slime:5)
  An ancient lich (Zig:4)
  2 juggernauts (Zig:7)
  Saint Roka (Vaults:4)
  5 golden dragons (Vaults:5)
  4 tentacled monstrosities
  The ghost of NormalPerson7 the Warrior, an adept DsWz of Fedhas (Elf:1)
  2 deep elf blademasters (Elf:3)
  A quicksilver dragon (Vaults:5)
  A deep elf master archer (Zig:8)
  8 titans
  18 acid blobs
  An Executioner (Zig:9)
  Agnes (Snake:4)
  Frances (D:13)
  3 krakens (Shoals:4)
  6 sphinxes
  Polyphemus (Shoals:3)
  6 storm dragons
  A revenant (Vaults:3)
  3 shadow dragons
  5 tengu reavers
  12 azure jellies
  Kirke (Shoals:4)
  Ilsuiw (Shoals:4)
  3 daevas (Depths:3)
  2 iron dragons (Vaults:5)
  5 fire giants
  5 nagarajas
  3 deep elf sorcerers
  14 vault wardens
  12 frost giants
  3 orc warlords
  The ghost of Protee the Peltast, a journeyman FoFi of Ru (Elf:2)
  A frost giant (shapeshifter) (Elf:2)
  A caustic shrike zombie (Zig:5)
  A black sun (Zig:9)
  10 ironheart preservers
  2 reapers (Zig:5)
  3 deep elf elementalists
  20 very ugly things
  21 stone giants
  4 war gargoyles
  Nessos (D:12)
  4 entropy weavers
  10 deep elf annihilators
  A blood saint (Zig:9)
  A lorocyproca (Depths:2)
  6 deep elf demonologists
  A dire elephant (Vaults:2)
  5 merfolk javelineers
  9 deep elf death magi
  The ghost of PeterLawrence the Warrior, a journeyman MiFi of Okawaru (D:12)
  7 death oozes
  2 mummy priests (Zig:3)
  11 merfolk impalers
  8 great orbs of eyes
  10 ettins
  10 yaktaur captains
  12 fire dragons
  Josephine (D:13)
  3 deep elf high priests
  2 hell beasts
  4 rakshasas
  Harold (D:12)
  A great orb of eyes (shapeshifter) (Depths:2)
  34 vault guards
  10 hydras
  14 naga warriors
  15 ice dragons
  2 spriggan air magi (Depths:2)
  11 centaur warriors
  3 tengu warriors
  A catoblepas (Shoals:3)
  5 merfolk aquamancers
  2 merfolk avatars (Shoals:4)
  69 two-headed ogres
  4 anacondas
  An alligator snapping turtle (Shoals:3)
  7 death yaks
  3 satyrs
  Erica (Lair:1)
  The ghost of Azzok the Blocker, a novice GnFi of Okawaru (D:8)
  26 ogre magi
  3 deep troll shamans
  3 shock serpents
  7 deep troll earth magi
  The ghost of Gorice the Covered, a novice GnWn of Cheibriados (Lair:1)
  31 dancing weapons
  2 vampire magi
  Urug (D:15)
  A spriggan berserker (Depths:2)
  2 shock serpents (shapeshifter)
  3 orc high priests
  14 naga sharpshooters
  5 fire crabs (shapeshifter)
  8 hell knights
  26 deep elf knights
  3 sun demons (D:13)
  2 iron trolls (Depths:2)
  2 salamander mystics
  14 sea snakes
  4 glowing orange brains
  An unseen horror (shapeshifter) (Vaults:4)
  20 deep elf archers
  A deep troll (shapeshifter) (Vaults:5)
  2 flayed ghosts
  A death drake (Vaults:4)
  4 wizards
  24 deep trolls
  19 orc knights
  17 ironbrand convokers
  2 lindwurms (Lair:6)
  21 harpies
  Pikel (D:6)
  3 phantasmal warriors
  10 naga ritualists
  6 mana vipers
  70 deep elf magi
  A harpy (shapeshifter) (Depths:2)
  2 necromancers
  A stone giant zombie (Zig:5)
  20 manticores
  3 oklob plants (Lair:2)
  7 wolf spiders
  An orb spider (shapeshifter) (D:14)
  9 cyclopes
  54 ugly things
  10 orc sorcerers
  2 shining eyes (Slime:5)
  An orb spider (Zig:6)
  11 fauns
  8 salamanders
  A manticore (shapeshifter) (Depths:2)
  A salamander (shapeshifter) (D:13)
  5 merfolk sirens
  An elephant (shapeshifter) (Vaults:5)
  18 naga magi
  A moth of wrath (Zig:6)
  Psyche (D:8)
  A smoke demon (D:13)
  2 guardian serpents
  3 black mambas (shapeshifter)
  15 vault sentinels
  A moth of wrath (shapeshifter) (Depths:2)
  8 torpor snails
  2 guardian serpents (shapeshifter)
  2 ice statues (IceCv)
  9 water nymphs
  34 black mambas
  An orange demon (Depths:2)
  3 spiny frogs (shapeshifter)
  An eye of devastation (shapeshifter) (D:15)
  7 spiny frogs
  2 eyes of devastation (Slime:4)
  4 rime drakes
  7 centaur skeletons
  3 gargoyles
  A torpor snail (shapeshifter) (Depths:2)
  37 yaktaurs
  3 komodo dragons
  A komodo dragon (shapeshifter) (Depths:2)
  2 tormentors (Zig:9)
  A kobold demonologist (D:15)
  2 yaktaurs (shapeshifter)
  4 freezing wraiths
  An efreet (D:15)
  A hellwing (Zig:9)
  2 guardian mummies (Zig:3)
  4 red devils (D:13)
  47 merfolk
  2 meliai (shapeshifter) (Depths:2)
  2 tengu conjurers
  2 wind drakes (shapeshifter)
  8 trolls
  3 jumping spiders
  2 polar bears
  3 meliai (D:14)
  2 tyrant leeches
  10 hippogriffs
  7 snapping turtles
  14 hornets
  A slime creature (shapeshifter) (Depths:2)
  92 slime creatures
  A wolf spider simulacrum (D:15)
  12 blink frogs
  2 hippogriffs (shapeshifter)
  15 dream sheep
  5 wind drakes
  17 water elementals
  A spriggan (shapeshifter) (Depths:2)
  A shadow (D:14)
  A wyvern (shapeshifter) (Vaults:5)
  4 air elementals
  Sigmund (D:5)
  2 vampires
  7 redbacks
  30 yaks
  2 spriggans (D:13)
  5 wraiths
  A basilisk (shapeshifter) (Depths:2)
  A human (shapeshifter) (Depths:2)
  A yak (shapeshifter) (Depths:2)
  4 hogs (Shoals:4)
  A fire bat (shapeshifter) (Vaults:4)
  6 wyverns
  A steam dragon (D:11)
  A golden eye (shapeshifter) (Depths:2)
  2 golden eyes
  4 fire elementals
  A hog (shapeshifter) (Depths:2)
  A human (D:13)
  A hungry ghost (D:7)
  6 basilisks
  2 neqoxecs (Depths:2)
  7 vampire mosquitoes
  2 soldier ants (shapeshifter)
  12 wargs
  35 nagas
  An acid dragon (Vaults:1)
  A swamp worm (shapeshifter) (Shoals:4)
  18 water moccasins
  5 hell hounds (Depths:2)
  66 orc warriors
  2 floating eyes
  4 porcupines
  2 hornet zombies
  23 ice beasts
  2 black bears
  2 phantoms
  2 eyes of draining
  7 boggarts
  An eye of draining (shapeshifter) (Depths:1)
  5 sky beasts
  59 ogres
  9 wolves
  22 centaurs
  10 crocodiles
  3 big kobolds
  18 bullfrogs
  8 earth elementals
  6 killer bees
  6 scorpions
  17 wights
  An electric eel (D:11)
  4 crimson imps
  3 howler monkeys
  2 bullfrog zombies
  5 centaur zombies
  3 quasits (D:6)
  33 orc priests
  6 jellies
  A human zombie (Ossuary)
  9 hounds
  42 orc wizards
  A bullfrog skeleton (D:11)
  3 iguanas
  5 worker ants
  2 big kobold zombies (Ossuary)
  2 hound skeletons
  6 mummies
  16 adders
  3 gnolls (Orc:2)
  4 river rats (Sewer)
  5 shadow imps
  3 oozes (Sewer)
  A worm (shapeshifter) (Vaults:3)
  4 worms
  2 dart slugs
  5 leopard geckos
  99 orcs
  3 bats
  4 giant cockroaches
  A gnoll zombie (Ossuary)
  5 goblins
  6 hobgoblins
  16 jackals
  23 kobolds
  5 quokkas
  11 ball pythons
  10 frilled lizards
  2 hobgoblin zombies (Ossuary)
  A leopard gecko zombie (D:6)
  A quokka skeleton (D:5)
  A quokka zombie (D:5)
  31 rats
  3 fungi
  27 plants
  8 tentacles (Shoals:4)
2291 creatures vanquished.

Vanquished Creatures (collateral kills)
  Rupert (D:12)
  A deep elf knight (Elf:2)
  An oklob plant (Lair:2)
  A yaktaur (Vaults:2)
  A hornet (Lair:6)
  2 ogres (Vaults:4)
  A plant (Lair:2)
8 creatures vanquished.

Vanquished Creatures (others)
  2 deep elf master archers (Elf:3)
  A ghost moth (Elf:3)
  A vampire knight (Depths:1)
  A very ugly thing (Vaults:5)
  2 stone giants
  4 merfolk javelineers
  A fire dragon (Vaults:4)
  2 yaktaur captains
  A vault guard (Vaults:1)
  A centaur warrior (Depths:1)
  A two-headed ogre (D:15)
  A naga sharpshooter (Snake:4)
  An ironbrand convoker (Vaults:1)
  3 deep elf archers
  A faun (Shoals:3)
  A merfolk siren (Shoals:4)
  11 yaktaurs
  2 humans (Shoals:4)
  4 orc warriors
  A black bear (shapeshifter) (Zig:8)
  3 ogres
  3 centaurs
  3 orcs
  2 fire vortices (Vaults:4)
  2 fungi
  20 plants
  35 tentacles (Shoals:4)
  4 toadstools (D:1)
114 creatures vanquished.

Grand Total: 2413 creatures vanquished

Notes
Turn   | Place    | Note
-------+----------+-------------------------------------------
     0 | D:1      | kuniqs the Deep Dwarf Fighter began the quest for the Orb.
     0 | D:1      | Reached XP level 1. HP: 20/20 MP: 1/1
    90 | D:1      | Reached XP level 2. HP: 24/27 MP: 2/2
   408 | D:1      | Reached skill level 1 in Dodging
   696 | D:1      | Reached skill level 3 in Fighting
   746 | D:2      | Reached XP level 3. HP: 20/34 MP: 3/3
   910 | D:2      | Found a basalt altar of Yredelemnul.
   912 | D:2      | Found a white marble altar of Elyvilon.
  1009 | D:2      | Noticed a phantom
  1091 | D:2      | Found a shattered altar of Ashenzari.
  1091 | D:2      | Found a hide-covered altar of Uskayaw.
  1302 | D:3      | Reached XP level 4. HP: 22/42 MP: 4/4
  1672 | D:4      | Found a glowing drain.
  1703 | Sewer    | Entered a sewer
  1868 | Sewer    | Reached XP level 5. HP: 36/49 MP: 5/5
  2101 | Sewer    | Reached XP level 6. HP: 54/56 MP: 6/6
  2182 | D:4      | Found Jixkogif's Book Shop.
  2199 | D:4      | Found a staircase to the Ecumenical Temple.
  2223 | Temple   | Entered the Ecumenical Temple
  2228 | Temple   | Became a worshipper of Makhleb the Destroyer
  2302 | D:4      | Found Xisyjire's Elemental Accessories.
  2820 | D:4      | Found a radiant altar of Vehumet.
  2968 | D:5      | Entered Level 5 of the Dungeon
  3005 | D:5      | Found an opulent altar of Gozag.
  3029 | D:5      | Found Gozag's Platinum Reserve.
  3038 | D:5      | Noticed Sigmund
  3082 | D:5      | Killed Sigmund
  3082 | D:5      | Reached skill level 4 in Fighting
  3082 | D:5      | Reached XP level 7. HP: 50/64 MP: 7/7
  3290 | D:5      | Reached skill level 5 in Shields
  3489 | D:6      | Reached skill level 5 in Armour
  3489 | D:6      | Reached skill level 1 in Evocations
  3589 | D:6      | Found a sand-covered staircase.
  3594 | Ossuary  | Entered an ossuary
  3698 | Ossuary  | Reached * piety under Makhleb
  3831 | D:6      | Reached XP level 8. HP: 63/73 MP: 8/10
  3865 | D:6      | Reached skill level 5 in Axes
  4115 | D:6      | Reached ** piety under Makhleb
  4115 | D:6      | Reached skill level 5 in Fighting
  4257 | D:6      | Noticed Pikel
  4277 | D:6      | Killed Pikel
  4277 | D:6      | Reached skill level 5 in Dodging
  4277 | D:6      | Gained mutation: You passively map the area around you. [Deep Dwarf growth]
  4277 | D:6      | Reached XP level 9. HP: 74/81 MP: 11/11
  4557 | D:7      | Found Ymoisyme's Distillery.
  4561 | D:7      | Bought a potion of heal wounds for 50 gold pieces
  4561 | D:7      | Bought a potion of haste for 100 gold pieces
  4561 | D:7      | Bought a potion of curing for 30 gold pieces
  4638 | D:7      | Reached skill level 5 in Evocations
  5397 | D:8      | Found Wooluh's Distillery.
  5444 | D:8      | Noticed Azzok's ghost (novice GnFi)
  5503 | D:8      | Killed Azzok's ghost
  5503 | D:8      | Reached skill level 6 in Fighting
  5546 | D:8      | Reached *** piety under Makhleb
  5548 | D:8      | Noticed Psyche
  5560 | D:8      | Killed Psyche
  5560 | D:8      | Reached XP level 10. HP: 84/91 MP: 12/12
  5768 | D:8      | Found a hazy altar of Hepliaklqana.
  6876 | D:10     | Entered Level 10 of the Dungeon
  6946 | D:10     | Reached **** piety under Makhleb
  7167 | D:10     | Found Nischil's Assorted Antiques.
  7170 | D:10     | Bought an encrusted bronze ring for 150 gold pieces
  7369 | D:10     | Found Perolo's Weapon Boutique.
  7390 | D:10     | Found Hog Qoc's Jewellery Shoppe.
  7393 | D:10     | Bought a cursed amulet of inaccuracy for 30 gold pieces
  7454 | D:10     | Found Bihyarey's Book Shoppe.
  7565 | D:10     | Found Askupots's Gadget Shoppe.
  7720 | D:11     | Reached skill level 7 in Fighting
  7801 | D:11     | Found an ornate altar of the Wu Jian Council.
  7830 | D:11     | Found a staircase to the Lair.
  7851 | D:11     | Noticed a cyclops
  7883 | D:11     | Killed a cyclops
  7883 | D:11     | Reached XP level 11. HP: 99/100 MP: 15/15
  7946 | D:11     | Reached skill level 1 in Invocations
  8226 | D:11     | Reached ***** piety under Makhleb
  8949 | Lair:1   | Entered Level 1 of the Lair of Beasts
  8952 | Lair:1   | Noticed Gorice's ghost (novice GnWn)
  8973 | Lair:1   | Killed Gorice's ghost
  9002 | Lair:1   | Found the +4 moon troll leather armour {Spirit, Regen++ MP+5}
  9249 | Lair:1   | Noticed Erica
  9258 | Lair:1   | Killed Erica
 10075 | Lair:2   | Noticed an oklob plant
 10075 | Lair:2   | Noticed an oklob plant
 10075 | Lair:2   | Noticed an oklob plant
 10143 | Lair:2   | Killed an oklob plant
 10157 | Lair:2   | Killed an oklob plant
 10160 | Lair:2   | Killed an oklob plant
 10161 | Lair:2   | Noticed an oklob plant
 10167 | Lair:2   | Killed an oklob plant
 10420 | Lair:3   | Reached XP level 12. HP: 110/110 MP: 17/17
 10457 | Lair:3   | Reached skill level 8 in Fighting
 10468 | Lair:3   | Reached skill level 5 in Invocations
 11640 | Lair:4   | Reached skill level 10 in Evocations
 11741 | Lair:4   | Reached skill level 10 in Shields
 11768 | Lair:4   | Reached skill level 10 in Armour
 11846 | Lair:4   | Found a staircase to the Shoals.
 11985 | Lair:4   | Found a staircase to the Snake Pit.
 12213 | Lair:5   | Noticed a five-headed hydra
 12227 | Lair:5   | Killed a one-headed hydra
 12256 | Lair:5   | Reached skill level 10 in Axes
 12310 | Lair:5   | Noticed a death yak
 12311 | Lair:5   | Noticed a six-headed hydra
 12312 | Lair:5   | Noticed a death yak
 12312 | Lair:5   | Noticed a death yak
 12313 | Lair:5   | Noticed a death yak
 12340 | Lair:5   | Killed a four-headed hydra
 12344 | Lair:5   | Killed a death yak
 12345 | Lair:5   | Killed a death yak
 12349 | Lair:5   | Killed a death yak
 12349 | Lair:5   | Reached XP level 13. HP: 120/120 MP: 18/18
 12356 | Lair:5   | Reached skill level 9 in Fighting
 12356 | Lair:5   | Reached skill level 10 in Dodging
 12382 | Lair:5   | Found a frozen archway.
 12405 | Lair:5   | Found a staircase to the Slime Pits.
 12405 | Lair:5   | Found a viscous altar of Jiyva.
 12411 | IceCv    | Entered an ice cave
 12533 | IceCv    | Reached ****** piety under Makhleb
 13472 | Lair:6   | Entered Level 6 of the Lair of Beasts
 14216 | Lair:6   | Found a runed door.
 14348 | Lair:6   | Paralysed by a hornet for 2 turns
 14354 | Lair:6   | Paralysed by a hornet for 1 turns
 14356 | Lair:6   | Paralysed by a hornet for 2 turns
 14372 | Lair:6   | Paralysed by a hornet for 1 turns
 14379 | Lair:6   | HP: 6/123 [lindwurm/blast of flame (34)]
 14733 | D:11     | Reached skill level 10 in Fighting
 14768 | D:12     | Found a white marble altar of Elyvilon.
 14807 | D:12     | Noticed Rupert
 14824 | D:12     | Killed Rupert
 14824 | D:12     | Gained mutation: You resist negative energy. (rN+) [Deep Dwarf growth]
 14824 | D:12     | Reached XP level 14. HP: 54/132 MP: 14/14
 15010 | D:12     | Noticed PeterLawrence's ghost (journeyman MiFi)
 15026 | D:12     | Killed PeterLawrence's ghost
 15091 | D:12     | Got a twisted short sword {freeze}
 15120 | D:12     | Identified the +9 short sword "Enompeolu" {freeze, rC+ Dex+2} (You took it off an orc on level 12 of the Dungeon)
 15123 | D:12     | Noticed Harold
 15148 | D:12     | Killed Harold
 15190 | D:12     | Found a roughly hewn altar of Beogh.
 15225 | D:12     | Found a staircase to the Orcish Mines.
 15262 | D:12     | Noticed Nessos
 15304 | D:12     | Killed Nessos
 15467 | D:12     | Identified a scroll of acquirement
 15700 | D:13     | Noticed Josephine
 15731 | D:13     | Killed Josephine
 15733 | D:13     | Noticed Frances
 15753 | D:13     | Killed Frances
 16558 | D:13     | Found a gate to the Vaults.
 17005 | D:14     | Reached XP level 15. HP: 140/140 MP: 15/15
 17217 | D:14     | Reached skill level 11 in Fighting
 17709 | D:15     | Entered Level 15 of the Dungeon
 17710 | D:15     | Noticed Urug
 17737 | D:15     | Killed Urug
 17986 | D:15     | Found a staircase to the Depths.
 19023 | Orc:1    | Entered Level 1 of the Orcish Mines
 19340 | Orc:2    | Entered Level 2 of the Orcish Mines
 19415 | Orc:2    | Noticed an orc warlord
 19472 | Orc:2    | Killed an orc warlord
 19537 | Orc:2    | Found a shimmering altar of Xom.
 19543 | Orc:2    | Noticed an orc warlord
 19566 | Orc:2    | Killed an orc warlord
 19777 | Orc:2    | Found Okhitul's Magic Scroll Boutique.
 19777 | Orc:2    | Found Mogaiga's Magic Scroll Boutique.
 19777 | Orc:2    | Found Kiffiadgh's Food Shop.
 19790 | Orc:2    | Found Bink's Jewellery Shop.
 20238 | Orc:2    | Found a staircase to the Elven Halls.
 20451 | Orc:2    | Bought a scroll of brand weapon for 260 gold pieces
 20451 | Orc:2    | Bought a scroll of magic mapping for 45 gold pieces
 20451 | Orc:2    | Bought a scroll of enchant armour for 97 gold pieces
 20456 | Orc:2    | Bought a scroll of brand weapon for 300 gold pieces
 20650 | Snake:1  | Entered Level 1 of the Snake Pit
 20669 | Snake:1  | Reached XP level 16. HP: 130/152 MP: 7/16
 20822 | Snake:1  | Reached skill level 12 in Fighting
 21069 | Snake:1  | Found Huisadai's Distillery.
 21074 | Snake:1  | Bought a potion of curing for 42 gold pieces
 21747 | Snake:2  | Noticed Roxanne
 22108 | Snake:2  | Found Syphaum's Jewellery Emporium.
 22110 | Snake:2  | Found Balohi's Gadget Shop.
 22111 | Snake:2  | Found Myupt's Jewellery Emporium.
 22121 | Snake:2  | Bought the ring "Lehaast" {rElec Int+3 Slay+4} for 983 gold pieces
 22321 | Snake:2  | Got a shimmering pewter ring
 22322 | Snake:2  | Identified the ring "Wiagh" {*Tele MP+9 Dex+2} (You found it on level 2 of the Snake Pit)
 23135 | Snake:4  | Entered Level 4 of the Snake Pit
 23246 | Snake:4  | Noticed Agnes
 23266 | Snake:4  | Killed Agnes
 23720 | Snake:4  | Reached XP level 17. HP: 162/162 MP: 17/17
 23944 | Snake:4  | Reached skill level 15 in Shields
 23959 | Snake:4  | Reached skill level 15 in Armour
 24036 | Snake:4  | Got a serpentine rune of Zot
 24420 | Shoals:1 | Entered Level 1 of the Shoals
 24427 | Shoals:1 | Reached skill level 13 in Fighting
 24531 | Shoals:1 | Reached skill level 15 in Axes
 25053 | Shoals:2 | Reached skill level 15 in Dodging
 25765 | Shoals:3 | Found Cuera's General Store.
 25775 | Shoals:3 | Got a transparent turquoise ring
 25776 | Shoals:3 | Noticed Polyphemus
 25799 | Shoals:3 | Killed Polyphemus
 25814 | Shoals:3 | Identified the ring "Mexkivvi" {Wiz rPois rN+ Dex+2} (You found it on level 3 of the Shoals)
 25860 | Shoals:3 | Bought a potion of heal wounds for 75 gold pieces
 25860 | Shoals:3 | Bought a scroll of brand weapon for 300 gold pieces
 25862 | Shoals:3 | NOOOOOO
 26268 | Shoals:3 | Gained mutation: You passively map a large area around you. [Deep Dwarf growth]
 26268 | Shoals:3 | Reached XP level 18. HP: 101/172 MP: 18/18
 26451 | Shoals:4 | Entered Level 4 of the Shoals
 26456 | Shoals:4 | Noticed Ilsuiw
 26671 | Shoals:4 | Killed Ilsuiw
 26724 | Shoals:4 | Noticed Kirke
 26735 | Shoals:4 | Killed Kirke
 26918 | Shoals:4 | Reached skill level 14 in Fighting
 26941 | Shoals:4 | Got a barnacled rune of Zot
 27848 | Elf:1    | Entered Level 1 of the Elven Halls
 28253 | Elf:1    | Found Toqutzucu's Jewellery Boutique.
 28341 | Elf:1    | Noticed NormalPerson7's ghost (adept DsWz)
 28732 | Elf:2    | Reached XP level 19. HP: 167/183 MP: 18/18
 28814 | Elf:2    | Found a huge runed gate.
 28814 | Elf:2    | Found a huge runed gate.
 28814 | Elf:2    | Found a huge runed gate.
 28814 | Elf:2    | Found a huge runed gate.
 28814 | Elf:2    | Found a huge runed gate.
 28941 | Elf:2    | Noticed Protee's ghost (journeyman FoFi)
 28978 | Elf:2    | Killed Protee's ghost
 29546 | Elf:3    | Entered Level 3 of the Elven Halls
 29851 | Elf:3    | Cast into level 2 of the Abyss (a deep elf demonologist)
 29860 | Elf:3    | Escaped the Abyss
 29863 | Elf:3    | Reached skill level 15 in Fighting
 30207 | Elf:3    | Identified the +4 plate armour of Poor Excuses {rPois Int+2} (You took it off a deep elf blademaster on level 3 of the Elven Halls)
 30352 | Elf:3    | Identified the +6 morningstar "Coes" {flame, rElec} (You found it on level 3 of the Elven Halls)
 30660 | Elf:3    | DUDE, WHERE'S MY LOOT?
 30857 | Vaults:1 | Entered Level 1 of the Vaults
 31127 | Vaults:1 | Reached XP level 20. HP: 194/194 MP: 19/19
 32766 | Vaults:2 | Reached skill level 16 in Fighting
 33809 | Vaults:3 | Reached XP level 21. HP: 206/206 MP: 20/20
 34052 | Vaults:3 | Found a snail-covered altar of Cheibriados.
 34242 | Vaults:3 | Found a portal to a secret trove of treasure.
 34493 | Vaults:3 | Found a staircase to the Crypt.
 34922 | Vaults:3 | Reached skill level 17 in Fighting
 35538 | Vaults:4 | Identified the ring "Amnamnip" {rCorr rPois rC+ Str+3 Int+2} (You found it on level 4 of the Vaults)
 35540 | Vaults:4 | ME GUSTA
 35818 | Vaults:4 | Reached XP level 22. HP: 218/218 MP: 21/21
 35852 | Vaults:4 | Found Badilecu's Antique Weapon Shoppe.
 35993 | Vaults:4 | Noticed Saint Roka
 36015 | Vaults:4 | Killed Saint Roka
 36181 | Vaults:4 | Found Loru's Weapon Boutique.
 36246 | Vaults:4 | Found Wafe Rea's Book Boutique.
 36290 | Vaults:4 | Found Nutu's Jewellery Shop.
 36305 | Vaults:4 | SIGH
 36947 | Lair:3   | Identified the Guide on Creative Transmutation
 37827 | Elf:3    | Identified Sif Muna's Disquisition on Cold and the Traveller
 37899 | Elf:1    | Killed NormalPerson7's ghost
 38453 | D:10     | Bought a book of the Sky for 1040 gold pieces
 38611 | D:13     | Identified the +4 morningstar of Inquiry {vamp, +Blink rPois Int-3 Dex-3} (You found it on level 13 of the Dungeon)
 38798 | Vaults:3 | You paid a toll of a book of the Sky to enter a treasure trove
 38799 | Trove    | Entered a treasure trove
 38825 | Trove    | Got a transparent silver amulet
 38826 | Trove    | Identified the amulet "Doynucli" {Reflect Dex+3 SH+6} (You found it in a treasure trove)
 38831 | Trove    | Got a wavering ruby amulet
 38832 | Trove    | Identified the amulet "Ecrian" {Gourm rElec Int+7} (You found it in a treasure trove)
 39501 | Slime:1  | Entered Level 1 of the Pits of Slime
 39742 | Slime:5  | Entered Level 5 of the Pits of Slime
 39907 | Slime:5  | Noticed the Royal Jelly
 39957 | Slime:5  | Killed the Royal Jelly
 39957 | Slime:5  | Reached skill level 18 in Fighting
 39982 | Slime:5  | Gained mutation: You are weak. (Str -2) [a shining eye]
 40059 | Slime:5  | Found the ring of Shadows {Umbra +Inv Stlth+}
 40121 | Slime:5  | Got a slimy rune of Zot
 40508 | Vaults:5 | Entered Level 5 of the Vaults
 40601 | Vaults:5 | Reached XP level 23. HP: 230/230 MP: 20/20
 40801 | Vaults:5 | Reached skill level 19 in Fighting
 40837 | Vaults:5 | Identified the Handbook of Ignition and Creation
 40839 | Vaults:5 | Identified the +0 pair of boots of Pride {+Inv} (You found it on level 5 of the Vaults)
 40842 | Vaults:5 | Identified the +6 scale mail of Elabey {+Inv Str+4} (You found it on level 5 of the Vaults)
 41609 | Vaults:5 | Reached XP level 24. HP: 237/243 MP: 20/20
 41646 | Vaults:5 | Reached skill level 20 in Fighting
 41667 | Vaults:5 | Got a silver rune of Zot
 42494 | Depths:1 | Entered Level 1 of the Depths
 42501 | D:15     | Identified the +0 helmet "Leah" {-Tele rCorr Dex+2} (You acquired it on level 15 of the Dungeon)
 42706 | Depths:1 | Reached skill level 21 in Fighting
 42771 | Depths:1 | Found a gateway to Hell.
 43282 | Depths:2 | Found Heniopyludd's General Store.
 43374 | Depths:2 | Found Cixzirorr's Distillery.
 43479 | Depths:2 | Found Veit's Gadget Shoppe.
 43793 | Depths:2 | Reached skill level 22 in Fighting
 44084 | Depths:2 | Got a heavily runed tin amulet
 44085 | Depths:2 | Identified the amulet of Hyrghul {+Rage Str+4} (You found it on level 2 of the Depths)
 44325 | Depths:2 | Found a one-way gate leading to the halls of Pandemonium.
 44348 | Depths:2 | Found Xosesene's Distillery.
 44405 | Depths:2 | Reached XP level 25. HP: 262/262 MP: 11/20
 44860 | Depths:3 | Found a gateway to a ziggurat.
 44903 | Depths:3 | Reached skill level 23 in Fighting
 44953 | Zig:1    | Entered Level 1 of a ziggurat
 44968 | Zig:2    | Entered Level 2 of a ziggurat
 44989 | Zig:3    | Entered Level 3 of a ziggurat
 45032 | Zig:3    | Identified the ring "Xoliytug" {Dex+4 Stlth-} (You found it on level 3 of a ziggurat)
 45035 | Zig:4    | Entered Level 4 of a ziggurat
 45036 | Zig:4    | Noticed an ancient lich
 45055 | Zig:4    | Killed an ancient lich
 45081 | Zig:5    | Entered Level 5 of a ziggurat
 45120 | Zig:6    | Entered Level 6 of a ziggurat
 45152 | Zig:6    | Identified the ring of Tips {+Inv rC+ Int+2 Dex+7 Stlth+} (You found it on level 6 of a ziggurat)
 45175 | Zig:7    | Entered Level 7 of a ziggurat
 45179 | Zig:7    | Noticed a juggernaut
 45180 | Zig:7    | Noticed a juggernaut
 45194 | Zig:7    | Killed a juggernaut
 45210 | Zig:7    | Killed a juggernaut
 45223 | Zig:8    | Entered Level 8 of a ziggurat
 45270 | Zig:8    | Identified the Collected Works on Shifting Weightlessness
 45283 | Zig:9    | Entered Level 9 of a ziggurat
 45292 | Zig:9    | Noticed Ywoicwy the pandemonium lord
 45312 | Zig:9    | Gained mutation: You occasionally shout uncontrollably at your foes. [a cacodemon]
 45314 | Zig:9    | HP: 7/267 [torturous warmonger/demon trident of venom (23)]
 45315 | Zig:9    | HP: 3/267 [poisoned by a torturous warmonger]
 45315 | Zig:9    | Demolished by Ywoicwy the pandemonium lord

Vault maps used:
D:1:      ldierk_walled_garden_2
D:2:      nicolae_overflow_hidden_temple
D:4:      vehumet_crystals, minmay_temple_entry_junction_2,
          cheibrodos_sewer_entry_bend, first_ration, serial_shops, shop,
          minmay_misc_feat_plants, nicolae_elemental_shop
D:5:      nicolae_gozag_zags_fifth_avenue, corexii_item_surrounded_by_moat,
          uniq_sigmund
D:6:      nicolae_ossuary_entry_false_entrances, uniq_pikel
D:7:      serial_shops, nicolae_shop_crystal
D:8:      kennysheep_little_box, serial_shops, shop, uniq_psyche
D:10:     minmay_stone_box, serial_shops, kennysheep_mini, shop,
          nicolae_shop_behind_doors, kennysheep_mini_moat,
          nicolae_shop_waterfront
D:11:     erik_lair_island, basic_altar
D:12:     david_orc_5, basic_altar, uniq_nessos, uniq_harold, uniq_rupert
D:13:     cheibrodos_quadrivalence, grunt_vaults_entry_fortified, the_bakery,
          uniq_frances, uniq_josephine
D:14:     nrook_mini_backslash
D:15:     grunt_enter_depths_hoard, small_statue_alley_a, uniq_urug
Temple:   minmay_freezing_vapour_temple
Lair:1:   serial_bayou_pond_a, uniq_erica
Lair:2:   minmay_lair_oklob_chamber
Lair:3:   wad_woods_structure_01, lemuel_fruit_tree
Lair:4:   elwin_shoals_entry_rocks, minmay_snake_entry_spellcaster
Lair:5:   slime_altar_1, portal_ice_cave_entry_ice_beasts
Lair:6:   wormcave, lemuel_another_geyser, grunt_megastairs_4
Shoals:3: serial_shops, shop, nicolae_shoals_hunting_party, uniq_polyphemus
Shoals:4: shoals_end_hangedman, shoals_ilsuiw_ice, uniq_kirke
Snake:1:  serial_shops, shop_fountains, grunt_ministairs_5
Snake:2:  minmay_shop_grove, uniq_roxanne
Snake:4:  snake_pit, uniq_agnes
Slime:4:  cheibrodos_slime_lost_civilization_5
Orc:2:    st_orc_mages, basic_altar
Elf:1:    elf_arrival_001, serial_shops, shop_fountains, evilmike_minifort
Elf:3:    grunt_elf_hall_spiral, feat_on_display
Vaults:1: dpeg_vaults_waves, v_misc_27, hangedman_vaults_slice,
          nicolae_vaults_windows_and_doors_thing, vaults_room_corners,
          grunt_vaults_funnel
Vaults:2: nicolae_vaults_little_squares_4, ontoclasm_vaults_loading_screen,
          nicolae_vaults_little_squares_6, v_rooms_1, hangedman_vaults_nails,
          vaults_mumra_minichess_inversion, hangedman_vaults_river_flow,
          hangedman_vaults_stream, nicolae_vaults_little_squares_2,
          nicolae_vaults_diagonal_hallway_6, nicolae_vaults_know_your_exits,
          vaults_mumra_chevron, v_misc_31
Vaults:3: hangedman_vaults_nodes, minmay_crypt_entry_simple_statues,
          ontoclasm_vaults_decontamination, nicolae_vaults_arrows,
          nicolae_vaults_circle_grid_b, nicolae_vaults_network_s,
          ontoclasm_vaults_spin, st_eye, v_rooms_5, v_misc_10,
          ontoclasm_vaults_ligature, nicolae_vaults_specimen_jars,
          nicolae_vaults_little_squares_4, grunt_vaults_focal,
          nicolae_vaults_asterisk, basic_altar, enter_trove_6
Vaults:4: vaults_room_semicircle, hangedman_vaults_trim, v_misc_17,
          ontoclasm_vaults_ring_small, nicolae_vaults_circle_grid_b,
          nicolae_vaults_gold_heap, v_misc_28, vaults_room_corners,
          vaults_room_fours, hangedman_vaults_maws, nicolae_vaults_theta,
          hangedman_vaults_nails, serial_shops, nicolae_shop_trees, shop,
          nicolae_shop_statue_plus, shop, uniq_saint_roka
Vaults:5: serial_shops
Depths:1: hangedman_tar_grid_catacomb, nicolae_lava_and_water,
          grunt_ministairs_1
Depths:2: vault_1, serial_shops, shop, shop, nicolae_shop_trees,
          nicolae_shop_trees, interstate_on_off, rand_demon_pan_entry_5,
          hell_entry, special_room
Depths:3: evilmike_wizard_prison, enter_ziggurat_c, corexii_leaking_fountain,
          pan_entry, pf_dread_powers_of_hell, infiniplex_staircase_star,
          grunt_megastairs_2
Zig:6:    ziggurat_pillar_centre_smoke
Trove:    trove_garden
Sewer:    sewer_minmay_w
Ossuary:  ossuary_crypta
IceCv:    ice_cave_small_dragons

Skill      XL: |  1  2  3  4  5  6  7  8  9 10 11 12 13 14 15 16 17 18 19 20 21 22 23 24 25 |
---------------+----------------------------------------------------------------------------+-----
Dodging        | 1 2 3 4 5 6 7 8 9 11 12 13 14 15 16 17 18 19 20 | 20.2
Fighting       | 3 4 5 6 7 8 10 11 12 13 14 15 16 17 18 19 22 23 | 23.9
Axes           | 3 4 5 6 8 9 10 11 12 13 14 15 16 17 18 | 18.0
Armour         | 4 5 6 7 8 9 10 11 12 13 14 15 16 17 19 20 | 20.4
Shields        | 4 5 6 7 8 9 10 11 12 13 14 15 16 17 20 | 20.0
Evocations     | 2 4 6 8 9 10 | 10.0
Invocations    | 4 6 |  6.0

Action                   |  1- 3 |  4- 6 |  7- 9 | 10-12 | 13-15 | 16-18 | 19-21 | 22-24 | 25-27 || total
-------------------------+-------+-------+-------+-------+-------+-------+-------+-------+-------++-------
Melee: War axe           |   160 |   213 |   533 |   876 |  1662 |       |       |       |       ||  3444
       Hand axe          |       |       |       |   339 |       |       |       |       |       ||   339
       Scimitar          |       |       |       |    11 |    40 |       |       |       |       ||    51
       Broad axe         |       |       |       |       |    13 |  1606 |  1627 |  1493 |   307 ||  5046
Invok: Lesser Servant of |       |       |       |     3 |     4 |       |       |       |       ||     7
 Abil: Heal Wounds       |       |     4 |     5 |       |    11 |     3 |     5 |     8 |       ||    36
Evoke: Wand              |       |       |     7 |    16 |    46 |    21 |    10 |     6 |     2 ||   108
       Lamp of fire      |       |       |       |     1 |     2 |     1 |     1 |       |       ||     5
  Use: Scroll            |       |       |       |    26 |    10 |     5 |    12 |    22 |     5 ||    80
       Potion            |       |       |       |     2 |     3 |     6 |     2 |     7 |     3 ||    23
 Stab: Paralysed         |       |       |    29 |    20 |    37 |    10 |    12 |     5 |       ||   113
       Distracted        |       |       |       |       |     1 |       |     2 |     1 |       ||     4
       Confused          |       |       |       |       |       |     5 |     6 |     1 |       ||    12
       Petrifying        |       |       |       |       |       |     3 |    11 |     1 |       ||    15
       Petrified         |       |       |       |       |       |     2 |       |     3 |       ||     5
  Eat: Chunk             |     2 |     6 |    12 |    27 |    31 |    25 |    23 |     8 |     2 ||   136
       Ration            |       |       |       |       |       |     2 |     1 |     7 |     3 ||    13
Armor: Scale mail        |    48 |   108 |       |       |       |       |       |       |       ||   156
       Chain mail        |       |    13 |       |       |       |       |       |       |       ||    13
       Plate armour      |       |    12 |   441 |   615 |   625 |   640 |   419 |   365 |    97 ||  3214
Dodge: Dodged            |    61 |    68 |   167 |   355 |   527 |   592 |   461 |   492 |   140 ||  2863
Block: Shield            |    88 |   133 |   355 |   876 |  1362 |  1400 |   791 |       |       ||  5005
       Reflection        |       |       |       |     3 |    39 |   200 |    93 |   109 |    22 ||   466
       Large shield      |       |       |       |       |       |       |   425 |  1546 |   441 ||  2412
       Rpst.: Scimitar   |       |       |       |     1 |     1 |       |       |       |       ||     2

Table legend:
 A = Spawn XP
 B = Non-spawn XP
 C = Spawn XP percentage of total XP
 D = Spawn monster count
 E = Non-spawn monster count
 F = Spawn count percentage of total count
 G = Total turns spent on level
                    A         B        C        D         E        F      G
               +---------+---------+-------+---------+---------+-------+---------
         Total |       0 | 1250184 |   0.0 |       0 |    2285 |   0.0 | 45315
               +---------+---------+-------+---------+---------+-------+---------
           D:1 |       0 |      40 |   0.0 |       0 |      27 |   0.0 |   783
           D:2 |       0 |      41 |   0.0 |       0 |      14 |   0.0 |   537
           D:3 |       0 |      64 |   0.0 |       0 |      16 |   0.0 |   616
           D:4 |       0 |      13 |   0.0 |       0 |       3 |   0.0 |   580
           D:5 |       0 |     377 |   0.0 |       0 |       7 |   0.0 |   507
           D:6 |       0 |    1996 |   0.0 |       0 |      43 |   0.0 |   863
           D:7 |       0 |    1156 |   0.0 |       0 |      28 |   0.0 |   942
           D:8 |       0 |    1726 |   0.0 |       0 |      15 |   0.0 |   677
           D:9 |       0 |    2383 |   0.0 |       0 |      37 |   0.0 |  1155
          D:10 |       0 |    1646 |   0.0 |       0 |      34 |   0.0 |   740
          D:11 |       0 |    4771 |   0.0 |       0 |      47 |   0.0 |  1400
          D:12 |       0 |   13816 |   0.0 |       0 |      48 |   0.0 |  1130
          D:13 |       0 |   23888 |   0.0 |       0 |      64 |   0.0 |  1717
          D:14 |       0 |   11253 |   0.0 |       0 |      29 |   0.0 |   956
          D:15 |       0 |   27729 |   0.0 |       0 |      47 |   0.0 |  1355
        Lair:1 |       0 |    2989 |   0.0 |       0 |       9 |   0.0 |   898
        Lair:2 |       0 |    4317 |   0.0 |       0 |      23 |   0.0 |   913
        Lair:3 |       0 |    4734 |   0.0 |       0 |      26 |   0.0 |  1593
        Lair:4 |       0 |    4570 |   0.0 |       0 |      18 |   0.0 |   822
        Lair:5 |       0 |   12114 |   0.0 |       0 |      38 |   0.0 |   934
        Lair:6 |       0 |   14669 |   0.0 |       0 |      46 |   0.0 |  1066
      Shoals:1 |       0 |    9438 |   0.0 |       0 |      20 |   0.0 |   566
      Shoals:2 |       0 |   17945 |   0.0 |       0 |      41 |   0.0 |   767
      Shoals:3 |       0 |   31983 |   0.0 |       0 |      58 |   0.0 |  1009
      Shoals:4 |       0 |   45754 |   0.0 |       0 |      72 |   0.0 |   977
       Snake:1 |       0 |   19834 |   0.0 |       0 |      41 |   0.0 |   778
       Snake:2 |       0 |   10678 |   0.0 |       0 |      17 |   0.0 |   989
       Snake:3 |       0 |   16975 |   0.0 |       0 |      29 |   0.0 |   786
       Snake:4 |       0 |   40826 |   0.0 |       0 |      67 |   0.0 |  1161
       Slime:1 |       0 |    9904 |   0.0 |       0 |      16 |   0.0 |    83
       Slime:2 |       0 |    8834 |   0.0 |       0 |      11 |   0.0 |    37
       Slime:3 |       0 |   12107 |   0.0 |       0 |      22 |   0.0 |    65
       Slime:4 |       0 |   13816 |   0.0 |       0 |      24 |   0.0 |   195
       Slime:5 |       0 |   33402 |   0.0 |       0 |      22 |   0.0 |   331
         Orc:1 |       0 |    1540 |   0.0 |       0 |      12 |   0.0 |   394
         Orc:2 |       0 |   14920 |   0.0 |       0 |      99 |   0.0 |  1390
         Elf:1 |       0 |   30085 |   0.0 |       0 |      48 |   0.0 |  1208
         Elf:2 |       0 |   48797 |   0.0 |       0 |      67 |   0.0 |  1155
         Elf:3 |       0 |   50847 |   0.0 |       0 |      46 |   0.0 |  1350
      Vaults:1 |       0 |   52768 |   0.0 |       0 |      94 |   0.0 |  1505
      Vaults:2 |       0 |   59471 |   0.0 |       0 |     103 |   0.0 |  1623
      Vaults:3 |       0 |   98409 |   0.0 |       0 |     149 |   0.0 |  1827
      Vaults:4 |       0 |   59896 |   0.0 |       0 |      94 |   0.0 |  1117
      Vaults:5 |       0 |  188343 |   0.0 |       0 |     144 |   0.0 |  1811
      Depths:1 |       0 |   42167 |   0.0 |       0 |      63 |   0.0 |   713
      Depths:2 |       0 |   94772 |   0.0 |       0 |     125 |   0.0 |  1383
      Depths:3 |       0 |   30228 |   0.0 |       0 |      35 |   0.0 |   352
         Zig:1 |       0 |    3608 |   0.0 |       0 |       6 |   0.0 |    15
         Zig:2 |       0 |    1644 |   0.0 |       0 |       3 |   0.0 |    21
         Zig:3 |       0 |    2897 |   0.0 |       0 |       7 |   0.0 |    46
         Zig:4 |       0 |   11391 |   0.0 |       0 |       3 |   0.0 |    46
         Zig:5 |       0 |    6533 |   0.0 |       0 |       5 |   0.0 |    39
         Zig:6 |       0 |    4560 |   0.0 |       0 |      10 |   0.0 |    55
         Zig:7 |       0 |   18238 |   0.0 |       0 |      14 |   0.0 |    48
         Zig:8 |       0 |   10076 |   0.0 |       0 |      13 |   0.0 |    60
         Zig:9 |       0 |    7165 |   0.0 |       0 |       7 |   0.0 |    32
         Sewer |       0 |     351 |   0.0 |       0 |      48 |   0.0 |   441
       Ossuary |       0 |     240 |   0.0 |       0 |      11 |   0.0 |   221
         IceCv |       0 |    5450 |   0.0 |       0 |      20 |   0.0 |   446
               +---------+---------+-------+---------+---------+-------+---------
